 Dungeon Crawl Stone Soup version 0.20-b1-18-gaa2fd62 (webtiles) character file.

400 miragecloak the Insei (level 6, 0/38 HPs)
             Began as an Octopode Transmuter on May 24, 2017.
             Succumbed to a scorpion's poison
             ... on level 4 of the Dungeon.
             The game lasted 00:04:49 (3646 turns).

miragecloak the Insei (Octopode Transmuter)         Turns: 3646, Time: 00:04:49

Health: 0/38       AC:  2    Str: 10    XL:     6   Next: 84%
Magic:  5/9        EV: 25    Int: 15    God:
Gold:   143        SH:  0    Dex: 24    Spells: 5/9 levels left

rFire    . . .     SeeInvis .     - Unarmed
rCold    . . .     Gourm    .   (shield currently unavailable)
rNeg     . . .     Faith    .   (helmet currently unavailable)
rPois    x         Spirit   .   (no amulet)
rElec    .         Reflect  .   (no ring)
rCorr    .         Harm     .   (no ring)
MR       .....                  (no ring)
Stlth    +++.......             (no ring)
Regen    0.2/turn               (no ring)
MPRegen  0.2/turn               (no ring)
                                (no ring)
                                (no ring)

@: agile, lethally poisoned (0 -> -39), spider-form (expiring), very slightly
contaminated
A: almost no armour, stealthy swim, (amphibious), 8 rings, (constrict 8)
a: End Transformation


You were on level 4 of the Dungeon.
You were not hungry.
You were a venomous arachnid creature.
You visited 1 branch of the dungeon, and saw 4 of its levels.

You collected 143 gold pieces.

Inventory:

Missiles
 a - 75 arrows
Jewellery
 k - an uncursed ring of flight {unknown}
 n - a cursed ring of fire {unknown}
 s - a +4 ring of evasion {unknown}
Wands
 t - a wand of random effects (29/48)
Scrolls
 e - 3 scrolls of fog {unknown}
 f - a scroll of remove curse {unknown}
 g - 2 scrolls of enchant armour {unknown}
 i - a scroll of identify {unknown}
 j - 3 scrolls of teleportation {unknown}
 q - a scroll of amnesia {unknown}
Potions
 h - a potion of berserk rage {unknown}
 m - a potion of lignification {unknown}
 p - a potion of curing {unknown}
Books
 b - a book of Changes

   Spells                             Type                      Level
   a - Beastly Appendage              Transmutation                1
   b - Sticks to Snakes               Transmutation                2
   c - Spider Form                    Transmutation/Poison         3
   d - Ice Form                       Ice/Transmutation            4
   e - Blade Hands                    Transmutation                5
Comestibles
 c - 2 bread rations
 l - a meat ration
 o - 4 fruits
 r - a chunk of flesh
 u - a royal jelly


   Skills:
 - Level 1.0 Fighting
 - Level 2.0 Dodging
 + Level 5.8 Unarmed Combat
 - Level 2.0 Spellcasting
 - Level 4.1 Transmutations
 - Level 3.0 Poison Magic


You had 5 spell levels left.
You knew the following spells:

 Your Spells              Type           Power        Failure   Level  Hunger
a - Beastly Appendage     Tmut           ##....       13%         1    #......
b - Spider Form           Tmut/Pois      ##........   34%         3    ###....


Dungeon Overview and Level Annotations

Branches:
Dungeon (4/15)
 Temple: D:4-7

Altars:

Annotations:
D:2 1 runed door, Sigmund
D:4 Grinder


Innate Abilities, Weirdness & Mutations

You cannot wear most types of armour.
You are very stealthy in the water. (Stealth+)
((You are amphibious.))
You can wear up to eight rings at the same time.
((You can use your tentacles to constrict eight enemies at once.))
((Your skin changes colour to match your surroundings (Stealth+).))
((Your rubbery body absorbs attacks. (AC +1, EV +1)))


Message History

The quokka skeleton bites you but does no damage.
You closely miss the scorpion.
You feel sick. The scorpion misses you. The quokka skeleton misses you.
You bite the scorpion!
The scorpion looks as sick as possible!
The scorpion is heavily wounded.
You feel sick. The scorpion stings you!
You are more poisoned.
The scorpion poisons you! The quokka skeleton bites you.
You feel very sick.
You kill the scorpion!
* * * LOW HITPOINT WARNING * * *
You feel very sick.
* * * LOW HITPOINT WARNING * * *
You feel very sick.
* * * LOW HITPOINT WARNING * * *
You feel very sick.
Okay, then.
It was a potion of agility.
You feel agile all of a sudden.
You die...

.# #.........#
.....###.#####
..# #..# # ##.#
#.##### #..)..##
#####..# . ##.#
... #####s###
##...#...#Z..#
#........a...#
......†......#
....$...[....#
.............#
#.....?...>....
##...#...#......
############.!..


You could see a worker ant and a quokka skeleton.

Vanquished Creatures
  A scorpion (D:4)
  2 hounds (D:4)
  2 orc wizards (D:3)
  Jessica (D:3)
  4 worker ants (D:4)
  3 adders
  An ooze (D:1)
  4 worms
  2 dart slugs
  2 leopard geckos (D:1)
  4 orcs
  8 bats (D:1)
  6 giant cockroaches
  5 goblins
  9 hobgoblins
  4 jackals (D:3)
  4 kobolds
  A quokka (D:3)
  2 frilled lizards
  10 rats
75 creatures vanquished.

Notes
Turn   | Place    | Note
-------+----------+-------------------------------------------
     0 | D:1      | miragecloak the Octopode Transmuter began the quest for the Orb.
     0 | D:1      | Reached XP level 1. HP: 13/13 MP: 3/3
   133 | D:1      | Reached XP level 2. HP: 18/18 MP: 3/5
   641 | D:1      | Reached XP level 3. HP: 23/23 MP: 4/6
  1319 | D:2      | Found a runed door.
  1443 | D:2      | Noticed Sigmund
  1522 | D:2      | Reached XP level 4. HP: 18/28 MP: 7/7
  1562 | D:2      | Learned a level 3 spell: Spider Form
  1872 | D:3      | Reached XP level 5. HP: 2/33 MP: 4/8
  2486 | D:3      | Noticed a phantom
  2557 | D:3      | Noticed Jessica
  2737 | D:4      | Noticed Grinder
  2946 | D:3      | Killed Jessica
  2946 | D:3      | Reached skill level 4 in Unarmed Combat
  3359 | D:4      | Reached XP level 6. HP: 38/38 MP: 6/9
  3454 | D:4      | Reached skill level 5 in Unarmed Combat
  3646 | D:4      | Succumbed to a scorpion's poison

Skill      XL: |  1  2  3  4  5  6 |
---------------+-------------------+-----
Transmutations | 3 4 |  4.1
Poison Magic   | 3 |  3.0
Unarmed Combat | 4 5 |  5.8
Fighting       | |  1.0
Dodging        | |  2.0
Spellcasting   | |  2.0

Action                   |  1- 3 |  4- 6 || total
-------------------------+-------+-------++-------
Melee: Unarmed           |    96 |   135 ||   231
       Constrict         |    31 |     5 ||    36
       Tentacles         |    17 |     2 ||    19
       Kick              |    19 |       ||    19
       Punch             |     3 |       ||     3
 Cast: Beastly Appendage |    25 |       ||    25
       Spider Form       |       |    24 ||    24
  Use: Potion            |       |     1 ||     1
 Stab: Sleeping          |     6 |     2 ||     8
  Eat: Chunk             |     2 |     6 ||     8
       Bread ration      |       |     1 ||     1
Armor: Skin              |     7 |     9 ||    16
Dodge: Dodged            |    63 |   102 ||   165
